 Dungeon Crawl Stone Soup version 0.28-b1-1-g3c77fb2ed1 (webtiles) character file.

Game seed: 16973556160700978842

569 Destapler the Ducker (level 7, -1/50 HPs)
             Began as a Djinni Venom Mage on Jan 28, 2022.
             Was a Follower of Makhleb.
             Slain by a wyvern zombie (8 damage)
             ... on level 4 of the Dungeon.
             The game lasted 00:13:59 (4903 turns).

Destapler the Ducker (Djinni Venom Mage)            Turns: 4903, Time: 00:14:00

Health: -1/50      AC:  3    Str:  7      XL:     7   Next: 60%
Gold:   417        EV: 14    Int: 17      God:    Makhleb [*.....] SH:  0 Dex: 16 (17)

rFire   + + .      SeeInvis .   q - +3 dagger (drain)
rCold   x . .      Faith    .   (no shield)
rNeg    . . .      Spirit   .   a - +0 robe
rPois   ∞          Reflect  .   (no helmet)
rElec   .          Harm     .   (no cloak)
rCorr   .          Rampage  .   e - +0 pair of gloves
Will    +....      Rage     1%  (boots unavailable)
Stlth   ++........              (no amulet)
HPRegen 0.16/turn               (no ring)
MPRegen 0.00/turn               (no ring)

@: flying
A: sickness immunity, fire resistance 2, cold vulnerability 1, float, innate
caster, hp casting, extra vitality 1, agile 1, berserk 1, strong-willed 1
a: Renounce Religion


You were on level 4 of the Dungeon.
You worshipped Makhleb.
Makhleb was aware of your devotion.
You visited 1 branch of the dungeon, and saw 4 of its levels.

You collected 417 gold pieces.

Inventory:

Hand Weapons
 g - a +0 dagger
 q - a +3 dagger of draining (weapon)
Armour
 a - a +0 robe (worn)
 e - a +0 pair of gloves (worn)
Jewellery
 b - an amulet of the acrobat
 i - a ring of ice
 k - an amulet of reflection
 p - a ring of positive energy
Wands
 f - a wand of flame (19)
Scrolls
 d - a scroll of teleportation
Potions
 c - 2 potions of brilliance {unknown}
 l - 2 potions of degeneration
 m - a potion of resistance {unknown}


   Skills:
 + Level 3.4 Fighting
 + Level 0.5 Short Blades
 - Level 3.0 Armour
 + Level 4.4 Dodging
 + Level 3.4 Stealth
 - Level 3.0 Spellcasting
 + Level 0.9 Invocations


You couldn't memorise any spells.
You knew the following spells:

 Your Spells              Type           Power      Damage    Failure   Level
a - Sting                 Tmut/Pois      48%        1d5       4%          1
b - Poisonous Vapours     Pois/Air       24%        N/A       8%          2
c - Mephitic Cloud        Conj/Pois/Air  12%        N/A       16%         3
d - Olgreb's Toxic Radia  Pois           12%        N/A       45%         4
e - Magic Dart            Conj           48%        1d5       4%          1
f - Corpse Rot            Necr/Air       24%        N/A       8%          2
g - Stone Arrow           Conj/Erth      24%        3d8       16%         3
Your spell library was empty.

Dungeon Overview and Level Annotations

Branches:
Dungeon (4/15)
 Temple: D:4-7

Altars:
Ashenzari
Makhleb

Shops:
D:1 (

Annotations:
D:4 1 runed translucent door, Crazy Yiuf


Innate Abilities, Weirdness & Mutations

You are immune to sickness and miasma.
You are immune to poison.
Your flesh is very heat resistant. (rF++)
You are vulnerable to cold. (rC-)
You float through the air rather than walking.
You learn spells naturally, not from books.
Your magical power is your life essence.
You have superior vitality. (+4 MHP)
You are agile. (Dex +2)
You tend to lose your temper in combat.
You are strong-willed. (Will+)


Message History

a +0 short sword; 6 poisoned darts; a kobold skeleton You now have 381 gold pieces (gained 11).
You now have 390 gold pieces (gained 9).
You now have 396 gold pieces (gained 6).
You now have 401 gold pieces (gained 5).
You now have 417 gold pieces (gained 16).
You reach down and open the door.
A wyvern zombie comes into view.
Found 35 gold pieces.
A wyvern zombie is nearby!
The magic dart hits the wyvern zombie.
The wyvern zombie is lightly damaged.
The magic dart hits the wyvern zombie but does no damage.
The wyvern zombie is lightly damaged.
You hit the wyvern zombie but do no damage.
The wyvern zombie is lightly damaged.
The wyvern zombie bites you!
You hit the wyvern zombie but do no damage.
The wyvern zombie is lightly damaged.
The wyvern zombie closely misses you. The wyvern zombie bites you.
You barely miss the wyvern zombie.
The wyvern zombie is lightly damaged.
The wyvern zombie bites you!
You hit the wyvern zombie but do no damage.
The wyvern zombie is lightly damaged.
The wyvern zombie bites you!
* * * LOW HITPOINT WARNING * * *
The wyvern zombie barely misses you. The wyvern zombie barely misses you.
The wyvern zombie bites you!
* * * LOW HITPOINT WARNING * * *
There is an open door here.
Things that are here:
a +0 short sword; 6 poisoned darts; a kobold skeleton The wyvern zombie barely misses you.
Things that are here:
a +0 flail; a +0 ring mail The wyvern zombie bites you but does no damage.
There is an open door here.
The wyvern zombie bites you!
You die...

########.###########.#........#
#.............#........#
########.....#########........###
..........##.#......###......##.#
##########.#.#......# ##....##...
.......###.#.#......####)####....
...........#.#......'.)....).....
.......###.#.#......########.....
)............#..@Z..+,,,,,,#.....
............##'######,,,,,,##....
.......######.†.## *,,,,,,,,#....
#.###### ##.....##*,,,,,,,,#####
#.# #.......+,,,,,,,,,,+,,. #.#
#.......#*,,,,,,,,**,.. #.#
#.......#*,,,,,,,,**#.$ #.#
#.......#**,,,,,,** ##. #.#
###...### *,,,,,,* #.


You could see a wyvern zombie.

Vanquished Creatures
  Grinder (D:4)
  Pargi (D:4)
  An ogre (D:3)
  A hound (D:4)
  Jessica (D:2)
  A hound skeleton (D:4)
  5 adders
  An ufetubus (D:4)
  A worm (D:3)
  A dart slug (D:3)
  6 orcs (D:4)
  10 ball pythons
  6 endoplasms
  4 giant cockroaches
  3 hobgoblins
  2 jackals (D:3)
  10 kobolds
  3 bats
  2 frilled lizards
  7 goblins
  A rat (D:1)
68 creatures vanquished.

Vanquished Creatures (others)
  11 plants
11 creatures vanquished.

Grand Total: 79 creatures vanquished

Notes
Turn   | Place    | Note
-------+----------+-------------------------------------------
     0 | D:1      | Destapler the Djinni Venom Mage began the quest for the
                  | Orb.
     0 | D:1      | Reached XP level 1. HP: 15/15 MP: 0/0
   213 | D:1      | Reached XP level 2. HP: 13/21 MP: 0/0
   213 | D:1      | You are sucked into a shaft and drop 1 floor!
   213 | D:2      | Found a burning altar of Makhleb.
   218 | D:2      | Became a worshipper of Makhleb the Destroyer
   396 | D:1      | Found Loyfrate's Weapon Shop.
   553 | D:1      | Found a faded altar of an unknown god.
  1169 | D:2      | Noticed Jessica
  1178 | D:2      | Killed Jessica
  1179 | D:2      | Reached skill level 1 in Fighting
  1179 | D:2      | Reached skill level 1 in Armour
  1179 | D:2      | Reached XP level 3. HP: 4/27 MP: 0/0
  1179 | D:2      | Learned a level 1 spell: Magic Dart
  1543 | D:2      | Reached XP level 4. HP: 30/32 MP: 0/0
  2396 | D:3      | Reached skill level 3 in Dodging
  3017 | D:3      | Reached XP level 5. HP: 29/37 MP: 0/0
  3017 | D:3      | Learned a level 2 spell: Corpse Rot
  3486 | D:4      | Found a broken altar of Ashenzari.
  3537 | D:4      | Found a runed translucent door.
  3538 | D:4      | Noticed Crazy Yiuf
  3563 | D:4      | Noticed Grinder
  3570 | D:4      | Gained mutation: You tend to lose your temper in combat.
                  | [potion of mutation]
  3570 | D:4      | Gained mutation: You are agile. (Dex +2) [potion of
                  | mutation]
  3570 | D:4      | Gained mutation: You are strong-willed. (Will+) [potion of
                  | mutation]
  3572 | D:4      | Paralysed by Grinder for 3 turns
  3945 | D:4      | Killed Grinder
  3946 | D:4      | Reached XP level 6. HP: 41/45 MP: 0/0
  4156 | D:4      | Reached * piety under Makhleb
  4170 | D:4      | Reached XP level 7. HP: 47/50 MP: 0/0
  4170 | D:4      | Learned a level 3 spell: Stone Arrow
  4199 | D:4      | Noticed Pargi
  4214 | D:4      | Killed Pargi
  4215 | D:4      | Reached skill level 4 in Dodging
  4903 | D:4      | Slain by a wyvern zombie

Illustrated notes

Levels and vault maps discovered:
D:1:      minmay_arrival_plants_in_alcoves, layout_loops_ring,
          shapermc_ecumenical_altar_acropolis, serial_shops, shop
D:2:      minmay_evil_eye, layout_basic, basic_altar, minmay_pentomino_u2,
          uniq_jessica
D:3:      layout_loops_ring, serial_bayou_pond_c
D:4:      minmay_polygon_palace, layout_basic, nicolae_elyvilon_temple_path,
          ashenzari_conservatory_becter, chequers_serial_rivers_small_3,
          minivault_19, minmay_misc_feat_room, uniq_crazy_yiuf_cottage,
          uniq_pargi, uniq_grinder

Skill      XL: |  1  2  3  4  5  6  7 |
---------------+----------------------+-----
Fighting       | 1 2 3 |  3.4
Armour         | 1 2 3 |  3.0
Stealth        | 2 3 |  3.4
Dodging        | 3 4 |  4.4
Spellcasting   | 3 |  3.0
Short Blades   | |  0.5
Invocations    | |  0.9

Action                   |  1- 3 |  4- 6 |  7- 9 || total
-------------------------+-------+-------+-------++-------
Melee: Unarmed           |     8 |       |       ||     8
       Dagger            |    10 |    38 |    27 ||    75
       Punch             |       |     1 |     1 ||     2
 Cast: Sting             |    32 |    59 |     9 ||   100
       Magic Dart        |     3 |    20 |     7 ||    30
       Poisonous Vapours |       |       |     6 ||     6
       Mephitic Cloud    |       |       |     1 ||     1
       Corpse Rot        |       |       |     1 ||     1
  Use: Scroll            |       |     6 |       ||     6
       Potion            |       |     3 |       ||     3
 Stab: Sleeping          |     3 |       |       ||     3
Armor: Robe              |    10 |    12 |    13 ||    35
Dodge: Dodged            |    22 |    41 |    27 ||    90
